Map: Blackpink LE

Players

Holydan - Winner!

  • Race: Terran Terran
  • League: Diamond
  • Spawn Location: 7:00

rafapras

  • Race: Protoss Protoss
  • League: Diamond
  • Spawn Location: 1:00

VOD

Have the link to the VOD?

Description

Time

  • Played on: Dec. 2, 2017, 9:49 a.m.
  • Length: 8:33
Show
View Real Time Build Order
Export as new Build Order

Holydan Terran - Winner!

Build Orders: Cyclone Opening 

Get SALT Encoding   

  12  0:01  SCV  
  13  0:13  SCV  
  14  0:23  Supply Depot  
  14  0:26  Refinery  
  14  0:29  SCV  
  15  0:45  Barracks  
  15  0:55  SCV  
  15  0:56  Supply Depot  
  16  1:07  SCV  
  17  1:17  Refinery  
  17  1:22  SCV  
  18  1:35  Factory  
  18  1:50  Barracks Reactor  
  18  1:51  Orbital Command  
  18  2:11  Supply Depot  
  18  2:23  SCV  
  19  2:33  Cyclone x2  
  19  2:35  Marine  
  26  2:40  SCV  
  27  2:53  Marine  
  27  2:55  SCV  
  29  3:05  Cyclone  
  32  3:16  Cyclone  
  32  3:17  Marine  
  36  3:38  Cyclone  
  34  4:06  Cyclone  
  37  4:47  Cyclone  
  37  4:49  Cyclone  
  28  5:34  Marine  
  24  5:36  Cyclone x2  
  24  5:40  Starport  
  30  5:50  Command Center  
  30  5:54  SCV  
  30  5:56  Supply Depot  
  31  6:01  Liberator  
  31  6:06  SCV  
  31  6:08  Widow Mine  
  31  6:09  Cyclone  
  40  6:26  SCV  
  40  6:31  Marine  
  42  6:39  Cyclone  
  45  6:50  SCV  
  46  7:01  Marine, Cyclone  
  46  7:04  Orbital Command  
  50  7:08  SCV  
  50  7:10  Liberator  
  51  7:21  SCV  
Show
View Real Time Build Order
Export as new Build Order

rafapras Protoss 

Build Orders:  

Get SALT Encoding   

  12  0:03  Probe  
  13  0:15  Probe  
  13  0:18  Pylon  
  14  0:27  Probe  
  15  0:39  Probe  
  15  0:40  Gateway  
  16  0:47  Assimilator  
  16  0:52  Probe  
  17  1:04  Probe (Chrono Boost)  
  19  1:14  Probe (Chrono Boost)  
  19  1:18  Probe  
  20  1:29  Cybernetics Core  
  20  1:31  Gateway  
  20  1:33  Probe  
  20  1:37  Pylon  
  21  1:45  Probe  
  22  1:47  Assimilator  
  22  1:57  Probe  
  23  2:06  Warp Gate  
  25  2:09  Probe  
  25  2:10  Adept (Chrono Boost)  
  26  2:21  Stalker (Chrono Boost)  
  28  2:27  Stalker  
  28  2:29  Pylon  
  30  2:39  Robotics Facility  
  30  2:50  Stalker  
  32  2:57  Probe, Stalker  
  35  3:10  Probe  
  36  3:32  Nexus  
  36  3:35  Pylon  
  36  3:37  Observer  
  37  3:59  Immortal (Chrono Boost)  
  39  4:10  Shield Battery x2  
  39  4:18  Pylon  
  35  4:32  Stalker x2  
  27  5:04  Immortal (Chrono Boost)  
  31  5:11  Pylon  
  30  5:20  Stalker x2  
  25  5:38  Immortal  
  29  5:54  Pylon  
  29  6:05  Probe  
  30  6:11  Probe  
  30  6:15  Shield Battery  
  30  6:17  Adept x2  
  35  6:18  Probe  
  35  6:25  Probe (Chrono Boost)  
  38  6:37  Probe (Chrono Boost)  
  39  6:40  Probe (Chrono Boost)  
  39  6:42  Stalker  
  39  6:43  Probe x2 (Chrono Boost)  
  43  6:51  Observer (Chrono Boost)  
  45  6:54  Probe (Chrono Boost)  
  45  6:55  Probe (Chrono Boost)  
  46  7:07  Probe (Chrono Boost)  
  48  7:09  Probe x2 (Chrono Boost)  
  48  7:12  Immortal (Chrono Boost)  
  54  7:17  Probe (Chrono Boost)  
  54  7:21  Probe (Chrono Boost)  
  55  7:29  Probe (Chrono Boost)  
  57  7:35  Probe (Chrono Boost)  
  57  7:36  Probe x2 (Chrono Boost)  
  59  7:40  Twilight Council  
  59  7:41  Probe  
  59  7:42  Forge  
  60  7:47  Probe  
  51  8:17  Stalker  
  51  8:18  Stalker  
Tags
 
Add a new tag
Caveats
  • Supply blocks, unpowered buildings, or Contaminate may cause inaccurate times.
  • Supply counts are checked every 10 seconds.